| TOP OF THE 1ST |
|
Florida State University Seminoles batting - Pitching for University of Minnesota Golden Gophers : RHP Julian Urbina
|
|
Pitching: RHP Julian Urbina
|
|
|
Batting: SHB Salvador Aragon
|
0-0: Called Strike 0-1: Ball 1-1: Called Strike 1-2: Strikes out swinging
|
|
Batting: SHB Eric Evans
|
0-0: Ball 1-0: Foul Ball, location: 2F 1-1: Ball 2-1: Ball 3-1: Called Strike 3-2: SINGLE (Line Drive, 89S, EV 91.9 MPH)
|
|
Batting: LHB Alberto Chavez
|
0-0: Called Strike 0-1: Called Strike 0-2: SINGLE (Line Drive, 89S, EV 105.0 MPH) Eric Evans to second
|
|
Batting: LHB John Shults
|
0-0: Called Strike 0-1: Foul Ball, location: 2F 0-2: Fly out, F7 (Line Drive, 7, EV 90.0 MPH)
|
|
Batting: RHB Joel Miller
|
0-0: Called Strike 0-1: Foul Ball, location: 2F 0-2: Ball 1-2: Ball 2-2: Ball 3-2: SINGLE (Flyball, 34D, EV 92.5 MPH) Eric Evans to third Alberto Chavez to second Eric Evans scores Alberto Chavez to third
|
|
Batting: RHB Brady Jeleniewski
|
0-0: Ball 1-0: Ball 2-0: Foul Ball, location: 2F 2-1: Fly out, F8 (Flyball, 89M, EV 91.9 MPH)
|
| Top of the 1st over - 1 run, 3 hits, 0 errors, 2 left on base; Florida State University 1 - University of Minnesota 0 |
| BOTTOM OF THE 1ST |
|
University of Minnesota Golden Gophers batting - Pitching for Florida State University Seminoles : LHP Jake Hall
|
|
Pitching: LHP Jake Hall
|
|
|
Batting: RHB Josh Shay
|
0-0: Ball 1-0: Called Strike 1-1: Ball 2-1: Called Strike 2-2: Ball 3-2: Ground out U3 (Groundball, 34, EV 88.1 MPH)
|
|
Batting: RHB Willie Benito
|
0-0: Ball 1-0: Ball 2-0: Swinging Strike 2-1: Swinging Strike 2-2: SINGLE (Line Drive, 89S, EV 91.3 MPH)
|
|
Batting: RHB Devin Lowery
|
0-0: Called Strike 0-1: Ball 1-1: Swinging Strike 1-2: Foul Ball, location: 2F 1-2: Ball 2-2: Ball 3-2: Reached on error, E6 (Flyball, 56D, EV 76.9 MPH) Willie Benito to second
|
|
Batting: SHB Alex Montoya
|
0-0: Fly out, F6 (Line Drive, 6, EV 65.6 MPH)
|
|
Batting: RHB Chris Bittner
|
0-0: Ball Passed Ball! Willie Benito to third Devin Lowery to second 1-0: Ball 2-0: Ball 3-0: Called Strike 3-1: Called Strike 3-2: Base on Balls
|
|
Batting: RHB Lamar Thornton
|
0-0: Called Strike 0-1: Ground out 4-3 (Groundball, 13, EV 83.8 MPH)
|
| Bottom of the 1st over - 0 runs, 1 hit, 1 error, 3 left on base; Florida State University 1 - University of Minnesota 0 |
| TOP OF THE 2ND |
|
Florida State University Seminoles batting - Pitching for University of Minnesota Golden Gophers : RHP Julian Urbina
|
|
Batting: RHB John Gibbs
|
0-0: Ball 1-0: Ground out 5-3 (Groundball, 56, EV 88.1 MPH)
|
|
Batting: RHB Josh Truell
|
0-0: Called Strike 0-1: Ball 1-1: Foul Ball, location: 2F 1-2: Ball 2-2: Foul Ball, location: 2F 2-2: DOUBLE (Line Drive, 7LM, EV 106.9 MPH)
|
|
Batting: LHB Jake Hall
|
0-0: Ground out U3 (Groundball, 3, EV 101.3 MPH) Josh Truell to third
|
|
Batting: SHB Salvador Aragon
|
0-0: Ball 1-0: Foul Ball, location: 2F 1-1: Ball 2-1: Ground out 4-3 (Groundball, 4, EV 88.1 MPH)
|
| Top of the 2nd over - 0 runs, 1 hit, 0 errors, 1 left on base; Florida State University 1 - University of Minnesota 0 |
| BOTTOM OF THE 2ND |
|
University of Minnesota Golden Gophers batting - Pitching for Florida State University Seminoles : LHP Jake Hall
|
|
Batting: LHB Felipe Gomez
|
0-0: Ball 1-0: Fly out, F6 (Popup, 6MD, EV 66.9 MPH)
|
|
Batting: SHB Francisco Gutierrez
|
0-0: Ball 1-0: Ground out 4-3 (Groundball, 4, EV 88.1 MPH)
|
|
Batting: LHB Julian Urbina
|
0-0: Foul Ball, location: 2F 0-1: Ball 1-1: Foul Ball, location: 2F 1-2: Ball 2-2: Strikes out swinging, 2-3 out at first.
|
| Bottom of the 2nd over - 0 runs, 0 hits, 0 errors, 0 left on base; Florida State University 1 - University of Minnesota 0 |
| TOP OF THE 3RD |
|
Florida State University Seminoles batting - Pitching for University of Minnesota Golden Gophers : RHP Julian Urbina
|
|
Batting: SHB Eric Evans
|
0-0: Ball 1-0: Ball 2-0: Foul Ball, location: 2F 2-1: Ball 3-1: Foul Ball, location: 2F 3-2: Base on Balls
|
|
Batting: LHB Alberto Chavez
|
0-0: Called Strike 0-1: Ball 1-1: Ball 2-1: Ball 3-1: Called Strike 3-2: Fly out, F5 (Popup, 5, EV 80.6 MPH)
|
|
Batting: LHB John Shults
|
0-0: Called Strike 0-1: Called Strike 0-2: Ball 1-2: Ball 2-2: Reached on error, E6 (Groundball, 6, EV 103.8 MPH) Eric Evans to second
|
|
Batting: RHB Joel Miller
|
0-0: Called Strike 0-1: Swinging Strike 0-2: Foul Ball, location: 2F 0-2: Ball 1-2: Ball 2-2: DOUBLE (Line Drive, 9LM, EV 103.8 MPH) Eric Evans scores John Shults to third Runner from 3rd tries for Home, SAFE, no throw by RF
|
|
Batting: RHB Brady Jeleniewski
|
0-0: Ground out 1-3 (Groundball, 13S, EV 68.8 MPH) Joel Miller to third
|
|
Batting: RHB John Gibbs
|
0-0: Ground out U3 (Groundball, 34, EV 116.3 MPH)
|
| Top of the 3rd over - 2 runs, 1 hit, 1 error, 1 left on base; Florida State University 3 - University of Minnesota 0 |
| BOTTOM OF THE 3RD |
|
University of Minnesota Golden Gophers batting - Pitching for Florida State University Seminoles : LHP Jake Hall
|
|
Batting: RHB Josh Shay
|
0-0: Called Strike 0-1: Swinging Strike 0-2: Ball 1-2: Ball 2-2: SINGLE (Groundball, 56D, EV 103.1 MPH)
|
|
Batting: RHB Willie Benito
|
0-0: Fly out, F9 (Line Drive, 9, EV 103.8 MPH)
|
|
Batting: RHB Devin Lowery
|
0-0: Grounds into double play, 6-4-3 (Groundball, 6, EV 106.9 MPH)
|
| Bottom of the 3rd over - 0 runs, 1 hit, 0 errors, 0 left on base; Florida State University 3 - University of Minnesota 0 |
| TOP OF THE 4TH |
|
Florida State University Seminoles batting - Pitching for University of Minnesota Golden Gophers : RHP Julian Urbina
|
|
Batting: RHB Josh Truell
|
0-0: Ball 1-0: Ball 2-0: Ball 3-0: Called Strike 3-1: Called Strike 3-2: Foul Ball, location: 2F 3-2: Base on Balls
|
|
Batting: LHB Jake Hall
|
0-0: Ball 1-0: Sac Bunt to 13S - play at second, runner OUT! 1-6
|
|
Batting: SHB Salvador Aragon
|
0-0: Foul Ball, location: 2F 0-1: Foul Ball, location: 2F 0-2: Strikes out swinging
|
|
Pitching: RHP Juan Rodriquez
|
|
|
Batting: SHB Eric Evans
|
0-0: Called Strike 0-1: Ball 1-1: Foul Ball, location: 2F 1-2: Strikes out swinging
|
| Top of the 4th over - 0 runs, 0 hits, 0 errors, 1 left on base; Florida State University 3 - University of Minnesota 0 |
| BOTTOM OF THE 4TH |
|
University of Minnesota Golden Gophers batting - Pitching for Florida State University Seminoles : LHP Jake Hall
|
|
Batting: SHB Alex Montoya
|
0-0: Ball 1-0: Foul Ball, location: 2F 1-1: Called Strike 1-2: Fly out, F9 (Flyball, 89M, EV 93.1 MPH)
|
|
Batting: RHB Chris Bittner
|
0-0: Ball 1-0: Ground out 5-3 (Groundball, 56, EV 96.3 MPH)
|
|
Batting: RHB Lamar Thornton
|
0-0: Swinging Strike 0-1: Ball 1-1: Ball 2-1: Ground out 5-3 (Groundball, 5, EV 83.1 MPH)
|
| Bottom of the 4th over - 0 runs, 0 hits, 0 errors, 0 left on base; Florida State University 3 - University of Minnesota 0 |
| TOP OF THE 5TH |
|
Florida State University Seminoles batting - Pitching for University of Minnesota Golden Gophers : RHP Juan Rodriquez
|
|
Batting: LHB Alberto Chavez
|
0-0: Foul Ball, location: 2F 0-1: Called Strike 0-2: Strikes out swinging
|
|
Batting: LHB John Shults
|
0-0: Foul Ball, location: 2F 0-1: Swinging Strike 0-2: Ball 1-2: Strikes out looking
|
|
Batting: RHB Joel Miller
|
0-0: Ground out 4-3 (Groundball, 4M, EV 80.6 MPH)
|
| Top of the 5th over - 0 runs, 0 hits, 0 errors, 0 left on base; Florida State University 3 - University of Minnesota 0 |
| BOTTOM OF THE 5TH |
|
University of Minnesota Golden Gophers batting - Pitching for Florida State University Seminoles : LHP Jake Hall
|
|
Batting: LHB Felipe Gomez
|
0-0: Ball 1-0: Swinging Strike 1-1: Ground out 4-3 (Groundball, 4, EV 93.8 MPH)
|
|
Batting: SHB Francisco Gutierrez
|
0-0: Called Strike 0-1: SINGLE (Groundball, P, EV 83.8 MPH) (infield hit)
|
|
Batting: RHB Juan Rodriquez
|
0-0: Sac Bunt to 2R - play at first, batter OUT! 2-4 Francisco Gutierrez to second
|
|
Batting: RHB Josh Shay
|
0-0: Called Strike 0-1: Ball 1-1: Ball 2-1: Ball 3-1: Base on Balls
|
|
Batting: RHB Willie Benito
|
0-0: Called Strike 0-1: Ball 1-1: Ball 2-1: Fielders Choice at 2nd, 6-4 (Groundball, 6, EV 80.6 MPH)
|
| Bottom of the 5th over - 0 runs, 1 hit, 0 errors, 2 left on base; Florida State University 3 - University of Minnesota 0 |
| TOP OF THE 6TH |
|
Florida State University Seminoles batting - Pitching for University of Minnesota Golden Gophers : RHP Juan Rodriquez
|
|
Batting: RHB Brady Jeleniewski
|
0-0: Called Strike 0-1: Fly out, F9 (Line Drive, 9D, EV 110.0 MPH)
|
|
Batting: RHB John Gibbs
|
0-0: Called Strike 0-1: SINGLE (Groundball, 6MD, EV 103.1 MPH)
|
|
Batting: RHB Josh Truell
|
0-0: Swinging Strike 0-1: Ball 1-1: Ball 2-1: Ball 3-1: Foul Ball, location: 2F 3-2: Base on Balls John Gibbs to second
|
|
Batting: LHB Jake Hall
|
0-0: Ball 1-0: Called Strike 1-1: Ball 2-1: Foul Ball, location: 2F 2-2: Ball 3-2: Sac Bunt to P - play at first, batter OUT! 1-4 John Gibbs to third Josh Truell to second
|
|
Batting: SHB Salvador Aragon
|
0-0: Ball 1-0: Foul Ball, location: 2F 1-1: Foul Ball, location: 2F 1-2: Ball 2-2: Ball 3-2: SINGLE (Line Drive, 4D, EV 105.6 MPH) John Gibbs scores Josh Truell to third Josh Truell scores
|
|
Batting: SHB Eric Evans
|
0-0: Called Strike 0-1: Fielders Choice at 2nd, 5-4 (Groundball, 5, EV 98.8 MPH)
|
| Top of the 6th over - 2 runs, 2 hits, 0 errors, 1 left on base; Florida State University 5 - University of Minnesota 0 |
| BOTTOM OF THE 6TH |
|
University of Minnesota Golden Gophers batting - Pitching for Florida State University Seminoles : LHP Jake Hall
|
|
Batting: RHB Devin Lowery
|
0-0: Foul Ball, location: 2F 0-1: Foul Ball, location: 2F 0-2: SINGLE (Groundball, 34D, EV 102.5 MPH)
|
|
Batting: SHB Alex Montoya
|
0-0: Fly out, F7 (Flyball, 78D, EV 96.9 MPH)
|
|
Batting: RHB Chris Bittner
|
0-0: Ball 1-0: Ball 2-0: Foul Ball, location: 2F 2-1: Called Strike 2-2: Strikes out swinging
|
|
Pitching: RHP Jon Bell
|
|
|
Batting: RHB Lamar Thornton
|
0-0: Ball 1-0: Ball 2-0: Ball 3-0: Base on Balls Devin Lowery to second
|
|
Batting: LHB Felipe Gomez
|
0-0: Foul Ball, location: 2F 0-1: Fly out, F5 (Popup, 56, EV 65.6 MPH)
|
| Bottom of the 6th over - 0 runs, 1 hit, 0 errors, 2 left on base; Florida State University 5 - University of Minnesota 0 |
| TOP OF THE 7TH |
|
Florida State University Seminoles batting - Pitching for University of Minnesota Golden Gophers : RHP Juan Rodriquez
|
|
Batting: LHB Alberto Chavez
|
0-0: Foul Ball, location: 2F 0-1: Swinging Strike 0-2: Foul Ball, location: 2F 0-2: Foul Ball, location: 2F 0-2: Strikes out looking
|
|
Batting: LHB John Shults
|
0-0: Ball 1-0: SINGLE (Flyball, 4MD, EV 92.5 MPH)
|
|
Batting: RHB Joel Miller
|
0-0: Called Strike 0-1: Ball 1-1: Ball 2-1: Ball 3-1: Base on Balls John Shults to second
|
|
Batting: RHB Brady Jeleniewski
|
0-0: Ball 1-0: Called Strike 1-1: Called Strike 1-2: Ball 2-2: Strikes out swinging
|
|
Pitching: RHP Bill Meury
|
|
|
Batting: RHB John Gibbs
|
0-0: Ball 1-0: Ball 2-0: Fly out, F2 (Popup, 15S, EV 89.4 MPH)
|
| Top of the 7th over - 0 runs, 1 hit, 0 errors, 2 left on base; Florida State University 5 - University of Minnesota 0 |
| BOTTOM OF THE 7TH |
|
University of Minnesota Golden Gophers batting - Pitching for Florida State University Seminoles : RHP Jon Bell
|
|
Batting: SHB Francisco Gutierrez
|
0-0: Called Strike 0-1: Swinging Strike 0-2: Strikes out swinging
|
|
Pinch Hitting: RHB David LaGrone
|
0-0: Called Strike 0-1: Ball 1-1: Foul Ball, location: 2F 1-2: Fly out, F8 (Flyball, 8RM, EV 87.5 MPH)
|
|
Batting: RHB Josh Shay
|
0-0: Called Strike 0-1: Foul Ball, location: 2F 0-2: Foul Ball, location: 2F 0-2: Ball 1-2: Foul Ball, location: 2F 1-2: Ground out 4-3 (Groundball, 4, EV 87.5 MPH)
|
| Bottom of the 7th over - 0 runs, 0 hits, 0 errors, 0 left on base; Florida State University 5 - University of Minnesota 0 |
| TOP OF THE 8TH |
|
Florida State University Seminoles batting - Pitching for University of Minnesota Golden Gophers : RHP Bill Meury
|
|
Pitching: RHP Shigeaki Takada
|
|
|
Batting: RHB Josh Truell
|
0-0: Ground out U3 (Groundball, 34S, EV 82.5 MPH)
|
|
Pinch Hitting: LHB Wayne Paddock
|
0-0: Fly out, F7 (Flyball, 78D, EV 95.0 MPH)
|
|
Batting: SHB Salvador Aragon
|
0-0: Called Strike 0-1: SINGLE (Line Drive, 7S, EV 108.1 MPH)
|
|
Batting: SHB Eric Evans
|
0-0: Called Strike 0-1: Ball Salvador Aragon is caught stealing 2nd base 2-6
|
| Top of the 8th over - 0 runs, 1 hit, 0 errors, 0 left on base; Florida State University 5 - University of Minnesota 0 |
| BOTTOM OF THE 8TH |
|
University of Minnesota Golden Gophers batting - Pitching for Florida State University Seminoles : RHP Jon Bell
|
|
Pitching: RHP Javy Balderrama
|
|
|
Batting: RHB Willie Benito
|
0-0: Called Strike 0-1: Ball 1-1: Swinging Strike 1-2: Ball 2-2: Foul Ball, location: 2F 2-2: Fly out, F9 (Flyball, 9LD, EV 104.4 MPH)
|
|
Batting: RHB Devin Lowery
|
0-0: Foul Ball, location: 2F 0-1: Ground out 6-3 (Groundball, 6, EV 79.4 MPH)
|
|
Batting: SHB Alex Montoya
|
0-0: Ball 1-0: Fly out, F4 (Popup, 4, EV 72.5 MPH)
|
| Bottom of the 8th over - 0 runs, 0 hits, 0 errors, 0 left on base; Florida State University 5 - University of Minnesota 0 |
| TOP OF THE 9TH |
|
Florida State University Seminoles batting - Pitching for University of Minnesota Golden Gophers : RHP Shigeaki Takada
|
|
Batting: SHB Eric Evans
|
0-0: Foul Ball, location: 2F 0-1: SINGLE (Line Drive, 8RS, EV 102.5 MPH)
|
|
Batting: LHB Alberto Chavez
|
0-0: Called Strike 0-1: Called Strike 0-2: Foul Ball, location: 2F 0-2: Foul Ball, location: 2F 0-2: Reached on error, E7 (Flyball, 7, EV 84.4 MPH) Eric Evans to second
|
|
Batting: LHB John Shults
|
0-0: Ball 1-0: Called Strike 1-1: Foul Ball, location: 2F 1-2: Ball 2-2: Ball 3-2: Foul Ball, location: 2F 3-2: Strikes out swinging
|
|
Batting: RHB Joel Miller
|
0-0: Foul Ball, location: 2F 0-1: Ball 1-1: Ball 2-1: Foul Ball, location: 2F 2-2: Strikes out swinging
|
|
Batting: RHB Brady Jeleniewski
|
0-0: Called Strike 0-1: Ball 1-1: Swinging Strike 1-2: Ball 2-2: Fielders Choice at 2nd, 6-4 (Groundball, 6, EV 76.3 MPH)
|
| Top of the 9th over - 0 runs, 1 hit, 1 error, 2 left on base; Florida State University 5 - University of Minnesota 0 |
| BOTTOM OF THE 9TH |
|
University of Minnesota Golden Gophers batting - Pitching for Florida State University Seminoles : RHP Javy Balderrama
|
|
Batting: RHB Chris Bittner
|
0-0: TRIPLE (Groundball, 5L, EV 108.8 MPH)
|
|
Batting: RHB Lamar Thornton
|
0-0: Called Strike 0-1: Ball 1-1: Called Strike 1-2: Strikes out swinging
|
|
Batting: LHB Felipe Gomez
|
0-0: Called Strike 0-1: Ball 1-1: Ball 2-1: Foul Ball, location: 2F 2-2: Foul Ball, location: 2F 2-2: SINGLE (Flyball, 78M, EV 92.5 MPH) Chris Bittner scores
|
|
Batting: SHB Francisco Gutierrez
|
0-0: Ball 1-0: Ball 2-0: Fly out, F5 (Popup, 25F, EV 82.5 MPH)
|
|
Pinch Hitting: RHB Tom Primmer
|
0-0: Called Strike 0-1: Ball 1-1: Swinging Strike 1-2: Ball 2-2: Ball 3-2: Foul Ball, location: 2F 3-2: Foul Ball, location: 2F 3-2: Fly out, F8 (Flyball, 8LXD, EV 105.0 MPH)
|
| Bottom of the 9th over - 1 run, 2 hits, 0 errors, 1 left on base; Florida State University 5 - University of Minnesota 1 |
|